 Dungeon Crawl Stone Soup version 0.14-a0-2939-ge0b1554 (webtiles) character file.

48 Kae the Insei (level 3, -5/28 HPs)
             Began as a Draconian Transmuter on Mar 3, 2014.
             Slain by a gnoll
             ... wielding a +0,+0 whip
              (9 damage)
             ... on Level 2 of the Dungeon.
             The game lasted 00:01:05 (1355 turns).

Kae the Insei (Draconian Transmuter)                Turns: 1355, Time: 00:01:05

HP  -5/28        AC  5     Str 12      XL: 3   Next: 37%
MP   5/6         EV 12     Int 13      God:
Gold 5           SH  0     Dex 12      Spells:  1 memorised,  5 levels left

rFire  . . .     SeeInvis .       - Unarmed
rCold  . . .     Clarity  .     (armour unavailable)
rNeg   . . .     Conserve .     (no shield)
rPois  .         rCorr    .     (helmet restricted)
rElec  .         rRot     .     (no cloak)
SustAb . .       Spirit   .     (no gloves)
rMut   .         Warding  .     (boots unavailable)
Saprov . . .     Stasis   .     (no amulet)
MR     .....                    (no ring)
                                (no ring)

@: appendage (expiring), not resistant to hostile enchantments, unstealthy
A: unfitting armour, talons 3, AC +5
a: End Transformation


You were on level 2 of the Dungeon.
You were hungry.
You had grown temporary talons.
You visited 1 branch of the dungeon, and saw 2 of its levels.

You collected 5 gold pieces.

Inventory:

Missiles
 b - 12 arrows
Comestibles
 a - a bread ration
 c - a choko
 j - a honeycomb
 o - 4 chunks of gnoll flesh
Scrolls
 f - a scroll of fog {unknown}
 g - a scroll of noise {unknown}
 i - a scroll of remove curse {unknown}
 k - a scroll of identify {unknown}
 n - a scroll of fear {unknown}
Jewellery
 l - an uncursed ring of poison resistance {unknown}
Potions
 e - a potion of brilliance {unknown}
 h - a potion of curing {unknown}
 m - a potion of agility {unknown}
Books
 d - a book of Changes

   Spells                             Type                      Level
   *Beastly Appendage                 Transmutation                1
   Sticks to Snakes                   Transmutation                2
   Spider Form                        Transmutation/Poison         3
   Ice Form                           Ice/Transmutation            4
   Blade Hands                        Transmutation                5


   Skills:
 - Level 1.1 Fighting
 - Level 1.7 Dodging
 * Level 4.0 Unarmed Combat
 - Level 2.0 Spellcasting
 + Level 2.8 Transmutations


You had 5 spell levels left.
You knew the following spells:

 Your Spells              Type           Power        Failure   Level  Hunger
a - Beastly Appendage     Trmt           #.....       10%         1    ##.....


Dungeon Overview and Level Annotations

Branches:
Dungeon (2/16)

Altars:


Innate Abilities, Weirdness & Mutations

Your plain brown scales are hard (AC +5).
Your body does not fit into most forms of armour.
Your cold-blooded metabolism reacts poorly to cold.
You have claws for feet.


Message History

Confirm with . or Enter, or press ? or * to list all spells.
Your feet morph into talons.
The gnoll hits you but does no damage.
A gnoll comes into view. It is wielding a flail.
The gnoll hits you with a whip.
You hit the gnoll.
The gnoll is lightly wounded.
The gnoll hits you with a whip.
You closely miss the gnoll. You claw the gnoll, but do no damage.
The gnoll is lightly wounded.
The gnoll closely misses you.
You barely miss the gnoll. Your kick misses the gnoll.
The gnoll is lightly wounded.
Your transformation is almost over.
The gnoll hits you with a whip!
* * * LOW HITPOINT WARNING * * *
You barely miss the gnoll. You claw the gnoll!
The gnoll is severely wounded.
You are feeling hungry.
The gnoll hits you with a whip!
You die...

####.#.####
###.........#
............#
#.........#
#.........#
#......<..#
####.######
...####.###########
...............)@gg#
...####.#########g#
#... #.# #... #.#
#...# #.# #...# #.#
#.... ... #... .g. (
....#


You could see 3 gnolls.

Vanquished Creatures
  A gnoll (D:2)
  2 giant mites (D:1)
  A giant gecko (D:1)
  An ooze (D:1)
  A bat (D:1)
  A hobgoblin (D:1)
  4 kobolds (D:1)
  A giant cockroach (D:1)
  4 goblins
  5 rats (D:1)
21 creatures vanquished.

Notes
Turn   | Place    | Note
--------------------------------------------------------------
     0 | D:1      | Kae, the Draconian Transmuter, began the quest for the Orb.
     0 | D:1      | Reached XP level 1. HP: 16/16 MP: 3/3
   452 | D:1      | Reached XP level 2. HP: 15/23 MP: 4/4
  1271 | D:1      | Reached XP level 3. HP: 21/28 MP: 6/6
  1327 | D:2      | Reached skill level 4 in Unarmed Combat
  1355 | D:2      | Slain by a gnoll

Action                   || total
-------------------------++-------
Melee: Unarmed           ||    93
 Cast: Beastly Appendage ||     3
